 Dungeon Crawl Stone Soup version 0.14.0-9-g9c5475a (webtiles) character file.

307 Kanakotka the Slasher (level 5, -3/41 HPs)
             Began as a Demonspawn Gladiator on Apr 14, 2014.
             Slain by Grinder (5 damage)
             ... on Level 3 of the Dungeon.
             The game lasted 00:10:51 (2787 turns).

Kanakotka the Slasher (Demonspawn Gladiator)        Turns: 2787, Time: 00:10:51

HP  -3/41        AC 16     Str 16      XL: 5   Next: 73%
MP   5/5         EV  4     Int  9      God:
Gold 75          SH  0     Dex 14      Spells:  0 memorised,  4 levels left

rFire  . . .     SeeInvis .     a - +1 long sword
rCold  . . .     Clarity  .     i - +1 plate armour
rNeg   . . .     Conserve .     (no shield)
rPois  +         rCorr    .     l - +0 hat
rElec  .         rRot     .     j - +0 cloak {rPois}
SustAb . .       Spirit   .     e - +2 pair of gloves
rMut   .         Warding  .     (no boots)
Saprov . . .     Stasis   .     (no amulet)
MR     .....                    (no ring)
                                (no ring)

@: very slightly contaminated, hasted, very quick, not resistant to hostile
enchantments, extremely unstealthy
A: horns 1, powered by death 1
a: no special abilities


You were on level 3 of the Dungeon.
You were not hungry.

You visited 1 branch of the dungeon, and saw 3 of its levels.

You collected 75 gold pieces.

Inventory:

Hand weapons
 a - a +1,+1 long sword (weapon)
 k - a +0,+0 great sword
Missiles
 d - 3 throwing nets (quivered)
Armour
 e - a +2 pair of gloves (worn)
 i - a +1 plate armour (worn)
 j - a +0 cloak of poison resistance (worn)
 l - a +0 hat (worn)
Magical devices
 h - a wand of slowing (12)
Comestibles
 b - 2 meat rations
 f - 3 bread rations
 n - a choko
 o - a pear
Jewellery
 g - a cursed ring of teleportation {unknown}
 m - an uncursed ring of sustain abilities {unknown}


   Skills:
 + Level 3.1 Fighting
 * Level 3.6 Long Blades
 - Level 1.7 Throwing
 + Level 2.1 Armour
 + Level 3.5 Dodging
 + Level 1.8 Unarmed Combat


You had 4 spell levels left.
You didn't know any spells.

Dungeon Overview and Level Annotations

Branches:
Dungeon (3/15)

Altars:
Sif Muna

Annotations:
D:3 Grinder


Innate Abilities, Weirdness & Mutations

You have a pair of small horns on your head.
You can steal the life force of nearby defeated enemies.


Message History

Grinder is moderately wounded.
Your plate armour prevents you from hitting Grinder.
You headbutt Grinder!
Grinder is heavily wounded.
Grinder gestures at you. You resist with significant effort.
You hit Grinder.
Grinder is heavily wounded.
Your plate armour prevents you from hitting Grinder.
Grinder is heavily wounded.
Grinder barely misses you.
You hit Grinder.
Grinder is severely wounded.
Grinder hits you but does no damage.
You hit Grinder.
Grinder is severely wounded.
Grinder hits you.
* * * LOW HITPOINT WARNING * * *
You writhe in agony.
You die...

ยง.# #..(. .....#
##########.... ......#
#............. .......#
#...........(# ........#
#...........(# ...K....#
############.# ........# #.#
#........###################.#
#........%.K5@................
#........##############......#
........# #.###### ........#
#.###### ######### #......)
########


You could see Grinder and a kobold.

Vanquished Creatures
  An orc wizard (D:3)
  Crazy Yiuf (D:2)
  Ijyb (D:3)
  Terence (D:2)
  5 adders
  3 giant geckos (D:1)
  2 oozes (D:1)
  3 orcs (D:3)
  6 bats
  A giant cockroach (D:1)
  15 goblins
  6 hobgoblins
  3 jackals (D:3)
  A ball python (D:3)
  4 giant newts
  11 kobolds
  2 quokkas (D:3)
  12 rats
78 creatures vanquished.

Vanquished Creatures (others)
  Natasha (D:3)
  A quokka (D:3)
2 creatures vanquished.

Grand Total: 80 creatures vanquished

Notes
Turn   | Place    | Note
--------------------------------------------------------------
     0 | D:1      | Kanakotka, the Demonspawn Gladiator, began the quest for the Orb.
     0 | D:1      | Reached XP level 1. HP: 16/16 MP: 1/1
   308 | D:1      | Gained mutation: You have a pair of small horns on your head. [demonic ancestry]
   308 | D:1      | Reached XP level 2. HP: 20/23 MP: 2/2
   773 | D:1      | Reached skill level 1 in Armour
   794 | D:1      | Gained mutation: You can steal the life force of nearby defeated enemies. [demonic ancestry]
   794 | D:1      | Reached XP level 3. HP: 19/28 MP: 3/3
  1102 | D:2      | Reached skill level 1 in Unarmed Combat
  1150 | D:2      | Noticed Terence
  1160 | D:2      | Killed Terence
  1160 | D:2      | Reached skill level 3 in Dodging
  1234 | D:2      | Found a deep blue altar of Sif Muna.
  1517 | D:2      | Reached XP level 4. HP: 34/34 MP: 4/4
  1646 | D:2      | Noticed Crazy Yiuf
  1656 | D:2      | Killed Crazy Yiuf
  2067 | D:3      | Reached XP level 5. HP: 18/41 MP: 5/5
  2566 | D:3      | Noticed Ijyb
  2598 | D:3      | Killed Ijyb
  2755 | D:3      | Noticed Natasha
  2756 | D:3      | Noticed Grinder
  2763 | D:3      | Killed Natasha
  2770 | D:3      | Paralysed by Grinder for 6 turns
  2787 | D:3      | HP: 2/41 [Grinder (4)]
  2787 | D:3      | Slain by Grinder

Action                   |  1- 3 |  4- 6 || total
-------------------------+-------+-------++-------
Melee: Long sword        |   139 |   152 ||   291
       Great sword       |       |    22 ||    22
  Use: Scroll            |     5 |     4 ||     9
       Potion            |       |     3 ||     3
